 Dungeon Crawl Stone Soup version 0.24-a0-446-g87df7205b4 (webtiles) character file.

Game seed: 11041145408900628826

29280 theanonym the Spear-Bearer (level 13, -3/92 HPs)
             Began as a Mummy Warper on June 24, 2019.
             Was a High Priest of Hepliaklqana.
             Slain by a freezing wraith (4 damage)
             ... led by a death knight
             ... on level 13 of the Dungeon.
             The game lasted 00:36:29 (17529 turns).

theanonym the Spear-Bearer (Mummy Warper)          Turns: 17529, Time: 00:36:30

Health: -3/92      AC: 21    Str: 18    XL:     13   Next: 14%
Magic:  0/17       EV:  9    Int: 13    God:    Hepliaklqana [*****.]
Gold:   1532       SH:  0    Dex: 12    Spells: 17/17 levels left

rFire    . . .     SeeInvis .   b - +6 halberd (freeze)
rCold    + + .     Gourm    +   (shield currently unavailable)
rNeg     + + +     Faith    .   G - +0 plate armour
rPois    ∞         Spirit   +   D - +2 helmet
rElec    +         Reflect  .   i - scarf {Spirit}
rCorr    .         Harm     .   q - +1 pair of gloves
MR       +....                  g - +1 pair of boots
Stlth    ..........             x - amulet "Ycsalu" {Gourm rElec rPois rC+}
HPRegen  0.25/turn              j - +3 ring of evasion
MPRegen  0.15/turn              p - ring of protection from fire

@: slowed, very slow
A: no food or potions, fire vulnerability, reduced essence, cold resistance 1,
negative energy resistance 3, torment resistance, unbreathing, in touch with
death 1
a: Recall Ancestor, Ancestor Identity, Transference, Idealise, Renounce Religion


Innate Abilities, Weirdness & Mutations

You do not eat or drink.
Your flesh is vulnerable to fire.
You are immune to poison.
Your flesh is cold resistant. (rC+)
You are immune to negative energy. (rN+++)
You are immune to unholy pain and torment.
You can survive without breathing.
You are in touch with the powers of death.
Your life essence is reduced to manifest your ancestor. (-10% HP)


   Skills:
 + Level 10.1 Fighting
 - Level 14.0 Polearms
 - Level 0.7 Throwing
 + Level 8.3 Armour
 - Level 1.5 Dodging
 - Level 2.6 Spellcasting
   Level 2.4 Translocations
 + Level 4.1 Invocations


You had 17 spell levels left.
You didn't know any spells.
Your spell library contained the following spells:

 Spells                   Type           Power        Failure   Level  Hunger
 Blink                    Tloc           N/A          98%         2    N/A
 Shroud of Golubria       Chrm/Tloc      #.....       99%         2    N/A
 Gell's Gravitas          Tloc           #.........   100%        3    N/A
 Lesser Beckoning         Tloc           #.........   100%        3    N/A
 Teleport Other           Tloc           #.......     100%        3    N/A
 Passage of Golubria      Tloc           N/A          100%        4    N/A

Skill      XL: |  1  2  3  4  5  6  7  8  9 10 11 12 13 |
---------------+----------------------------------------+-----
Polearms       | 2 3 4 5 6 8 10 11 12 13 14 | 14.0
Armour         | 2 4 6 8 |  8.3
Fighting       | 3 5 7 9 10 | 10.1
Invocations    | 3 4 |  4.1
Throwing       | |  0.7
Dodging        | |  1.5
Spellcasting   | |  2.6
Translocations | |  2.4

Action                   |  1- 3 |  4- 6 |  7- 9 | 10-12 | 13-15 || total
-------------------------+-------+-------+-------+-------+-------++-------
Melee: Spear             |   182 |   343 |   355 |       |       ||   880
       Trident           |       |       |   230 |   488 |       ||   718
       Halberd           |       |       |       |   351 |    54 ||   405
Invok: Recall Ancestor   |       |       |     2 |     2 |       ||     4
       Ancestor Life: Kn |       |       |     1 |       |       ||     1
       Ancestor Identity |       |       |     1 |       |       ||     1
       Transference      |       |       |       |     1 |       ||     1
Evoke: Wand              |       |     2 |     3 |    32 |     1 ||    38
  Use: Scroll            |     5 |     5 |     4 |    14 |       ||    28
 Stab: Distracted        |       |       |     1 |     4 |       ||     5
       Confused          |       |       |       |       |     1 ||     1
Armor: Leather armour    |    31 |    15 |       |       |       ||    46
       Ring mail         |       |    27 |       |       |       ||    27
       Scale mail        |       |    44 |    60 |       |       ||   104
       Chain mail        |       |       |   186 |   203 |       ||   389
       Plate armour      |       |       |       |   130 |    28 ||   158
Dodge: Dodged            |    92 |   190 |   267 |   328 |    26 ||   903

Inventory:

Hand Weapons
 a - a +6 trident of venom
 b - a +6 halberd of freezing (weapon)
 l - a +0 glaive of protection
Missiles
 h - 5 boomerangs of dispersal (quivered)
 s - a throwing net
 A - 7 boomerangs
Armour
 g - a +1 pair of boots (worn)
 i - a scarf of spirit shield (worn)
 q - a +1 pair of gloves (worn)
 D - a +2 helmet (worn)
 G - a +0 plate armour (worn)
Jewellery
 j - a +3 ring of evasion (left hand)
 o - an uncursed amulet of the acrobat
 p - a ring of protection from fire (right hand)
 x - the amulet "Ycsalu" (around neck) {Gourm rElec rPois rC+}

   [amulet of the gourmand]

   It allows you to eat raw meat even when not hungry.
   It protects you from cold.
   It insulates you from electricity.
   It protects you from poison.
Wands
 c - a wand of clouds (6)
 d - a wand of digging (2)
 e - a wand of disintegration (26)
 k - a wand of random effects (11)
 v - a wand of acid (3)
 w - a wand of flame (13)
 F - a wand of iceblast (12)
Scrolls
 f - 2 scrolls of fog
 m - 2 scrolls of immolation
 n - 9 scrolls of remove curse
 r - 2 scrolls of identify
 t - 3 scrolls of teleportation
 u - 3 scrolls of fear
 y - 5 scrolls of magic mapping
 B - 5 scrolls of blinking
 C - 5 scrolls of vulnerability
 E - 2 scrolls of enchant weapon


You were on level 13 of the Dungeon.
You worshipped Hepliaklqana.
Hepliaklqana was extremely pleased with you.
You were not hungry.

You visited 4 branches of the dungeon, and saw 20 of its levels.

You collected 1714 gold pieces.
You spent 182 gold pieces at shops.

Dungeon Overview and Level Annotations

Branches:
Dungeon (13/15)            Temple (1/1) D:5            Lair (4/6) D:10
  Swamp (0/4) Lair:4       Spider (0/4) Lair:3          Orc (2/2) D:10
    Elf: Orc:2       Vaults: D:13-14

Altars:
Ashenzari
Cheibriados
Dithmenos
Elyvilon
Fedhas
Gozag
Hepliaklqana
Kikubaaqudgha
Makhleb
Nemelex Xobeh
Okawaru
Qazlal
Ru
Sif Muna
Trog
Uskayaw
Vehumet
Wu Jian
Xom
Yredelemnul
Zin
The Shining One
Beogh

Shops:
D:11 ((}%[

Annotations:
Orc:2 Rupert

#.... ...# #....# #.....#
#....# #.....## #....#
+......# #....# #......#
#....###########......#
#.........YY)Y........##
#........#####W........#
##........#...#.@...)...#
..........#..<#.....(...#
#.........#...#.........#
(...z.....#...#.........#
#.........#...#.........#
######....#...#.........#
.....#....#...'.[...((..#
.....#....#####.....(<..#
.....#).................#


You could see a freezing wraith and a yak.

Notes
Turn   | Place    | Note
-------+----------+-------------------------------------------
     0 | D:1      | theanonym the Mummy Warper began the quest for the Orb.
     0 | D:1      | Reached XP level 1. HP: 16/16 MP: 4/4
    75 | D:1      | Reached skill level 2 in Polearms
   111 | D:1      | Reached XP level 2. HP: 22/22 MP: 5/5
   500 | D:1      | Reached XP level 3. HP: 17/27 MP: 7/7
   511 | D:1      | Reached skill level 3 in Polearms
  1346 | D:2      | Reached XP level 4. HP: 26/33 MP: 8/8
  1631 | D:2      | Reached skill level 4 in Polearms
  2090 | D:3      | You fall into a shaft and drop 1 floor!
  2244 | D:3      | Noticed Ijyb
  2278 | D:3      | Killed Ijyb
  2278 | D:3      | Reached XP level 5. HP: 35/38 MP: 9/9
  2486 | D:3      | Found a radiant altar of Vehumet.
  2682 | D:3      | Found a burning altar of Makhleb.
  2871 | D:4      | Reached skill level 5 in Polearms
  2992 | D:4      | HP: 17/38 [orc wizard/+0 dagger (3)]
  3013 | D:4      | Reached XP level 6. HP: 22/44 MP: 6/10
  3272 | D:4      | Noticed Sigmund
  3280 | D:4      | Killed Sigmund
  3280 | D:4      | Reached skill level 6 in Polearms
  3288 | D:4      | Reached XP level 7. HP: 47/50 MP: 11/11
  3532 | D:4      | Noticed Robin
  3561 | D:4      | Killed Robin
  3628 | D:4      | Found a deep blue altar of Sif Muna.
  3782 | D:5      | Entered Level 5 of the Dungeon
  3859 | D:5      | Reached skill level 7 in Polearms
  3920 | D:5      | Found an iron altar of Okawaru.
  4007 | D:5      | Found a staircase to the Ecumenical Temple.
  4020 | Temple   | Entered the Ecumenical Temple
  4064 | Temple   | Became a worshipper of Hepliaklqana the Forgotten
  4498 | D:5      | Found a stormy altar of Qazlal.
  4603 | D:5      | Noticed Duvessa
  4603 | D:5      | Noticed Dowan
  4622 | D:5      | Killed Duvessa
  4635 | D:5      | Killed Dowan
  4918 | D:6      | Noticed Blork the orc
  4947 | D:5      | Reached skill level 8 in Polearms
  4947 | D:5      | Reached XP level 8. HP: 38/50 MP: 7/12
  5181 | D:6      | HP: 25/50 [orc wizard/+0 dagger (1)]
  5186 | D:6      | HP: 23/50 [orc wizard/magic dart (2)]
  5196 | D:6      | HP: 24/50 [hound (1)]
  5202 | D:6      | HP: 22/50 [bullfrog (3)]
  5454 | D:6      | Reached skill level 9 in Polearms
  5461 | D:6      | Killed Blork the orc
  5518 | D:6      | HP: 20/50 [gnoll sergeant/+5 trident of venom (6)]
  5819 | D:6      | Reached * piety under Hepliaklqana
  6016 | D:6      | Reached skill level 10 in Polearms
  6025 | D:6      | Reached XP level 9. HP: 43/54 MP: 11/13
  6373 | D:7      | Found a white marble altar of Elyvilon.
  6476 | D:7      | Got a translucent iron amulet
  6595 | D:7      | Found an ancient bone altar of Kikubaaqudgha.
  6803 | D:7      | Identified the amulet "Ycsalu" {Gourm rElec rPois rC+} (You
                  | found it on level 7 of the Dungeon)
  6861 | D:8      | Reached skill level 1 in Armour
  6896 | D:8      | Reached skill level 11 in Polearms
  6991 | D:8      | Reached skill level 3 in Fighting
  7039 | D:8      | Reached skill level 2 in Armour
  7094 | D:8      | Reached ** piety under Hepliaklqana
  7095 | D:8      | Remembered your ancestor Huita as a knight
  7114 | D:8      | Found a runed translucent door.
  7122 | D:8      | Noticed emperorscorpion's ghost (novice DDBe)
  7435 | D:8      | Found a glowing golden altar of the Shining One.
  7435 | D:8      | Found a bloodstained altar of Trog.
  7578 | D:8      | Reached XP level 10. HP: 58/63 MP: 12/14
  7588 | D:8      | Reached skill level 4 in Fighting
  7593 | D:8      | Reached skill level 3 in Armour
  7738 | D:8      | Killed emperorscorpion's ghost
  7825 | D:9      | HP: 32/65 [something/ball of steam (29)]
  7839 | D:9      | HP: 31/65 [shadow imp (3)]
  8053 | D:9      | Noticed Joseph
  8067 | D:9      | Killed Joseph
  8101 | D:9      | Reached skill level 12 in Polearms
  8122 | D:9      | Reached skill level 5 in Fighting
  8530 | D:10     | Entered Level 10 of the Dungeon
  8540 | D:10     | Reached skill level 4 in Armour
  8560 | D:10     | Found a staircase to the Lair.
  8580 | D:10     | Noticed a two-headed ogre
  8586 | D:10     | HP: 25/66 [two-headed ogre/+0 giant spiked club (23)]
  8862 | D:10     | Killed a two-headed ogre
  8933 | D:10     | Reached XP level 11. HP: 72/72 MP: 15/15
  9006 | D:10     | Reached skill level 6 in Fighting
  9050 | D:10     | Reached *** piety under Hepliaklqana
  9347 | D:10     | Found a staircase to the Orcish Mines.
  9573 | Lair:1   | Entered Level 1 of the Lair of Beasts
  9600 | Lair:1   | Reached skill level 5 in Armour
  9604 | Lair:1   | HP: 30/73 [yak (7)]
  9609 | Lair:1   | HP: 26/73 [yak (5)]
  9612 | Lair:1   | HP: 11/73 [yak (9)]
 10196 | Lair:1   | Reached skill level 13 in Polearms
 10919 | Lair:2   | Reached skill level 7 in Fighting
 10923 | Lair:2   | Reached **** piety under Hepliaklqana
 11151 | Lair:2   | Noticed a four-headed hydra
 11159 | Lair:2   | Killed a four-headed hydra
 11612 | Lair:3   | HP: 37/75 [wolf (7)]
 11617 | Lair:3   | HP: 34/75 [wolf (4)]
 11623 | Lair:3   | HP: 22/75 [wolf (2)]
 11926 | Lair:3   | Found a hole to the Spider Nest.
 11943 | Lair:3   | HP: 34/75 [komodo dragon (16)]
 12047 | Lair:3   | HP: 35/75 [spiny frog (7)]
 12051 | Lair:3   | Reached skill level 6 in Armour
 12370 | Lair:3   | Found a basalt altar of Yredelemnul.
 12376 | Lair:3   | Identified a scroll of acquirement
 12528 | Lair:3   | Reached XP level 12. HP: 79/82 MP: 16/16
 12780 | Lair:3   | Reached skill level 8 in Fighting
 12803 | Lair:3   | Found a runed translucent door.
 12803 | Lair:3   | Found a shimmering altar of Xom.
 12803 | Lair:3   | Noticed Xol Empe's ghost (journeyman DsFi)
 12935 | Lair:3   | Paralysed by a +1 scimitar of chaos for 6 turns
 12943 | Lair:3   | HP: 36/82 [+1 scimitar of chaos (7)]
 12963 | Lair:3   | HP: 36/82 [Xol Empe's ghost (1)]
 12967 | Lair:3   | HP: 17/82 [Xol Empe's ghost (7)]
 13037 | Lair:3   | HP: 21/82 [Xol Empe's ghost (11)]
 13042 | Lair:3   | Killed Xol Empe's ghost
 13417 | Lair:4   | Reached ***** piety under Hepliaklqana
 13448 | Lair:4   | Found a staircase to the Swamp.
 13530 | Lair:4   | Reached skill level 14 in Polearms
 13554 | Lair:4   | HP: 39/84 [lindwurm/blast of flame (37)]
 13879 | Orc:1    | Entered Level 1 of the Orcish Mines
 13914 | D:10     | Reached skill level 7 in Armour
 14406 | Orc:2    | Entered Level 2 of the Orcish Mines
 14453 | Orc:2    | Noticed Rupert
 14611 | Orc:2    | Noticed an orc warlord
 14715 | Orc:1    | HP: 42/84 [orc warrior/+0 mace[an orc warlord] (10)]
 14720 | Orc:1    | HP: 27/84 [orc warrior/+0 mace[an orc warlord] (16)]
 14729 | Orc:1    | Reached skill level 9 in Fighting
 14730 | Orc:1    | HP: 13/85 [orc warlord/+0 battleaxe of freezing (17)]
 14759 | Orc:1    | HP: 11/85 [orc warlord/+0 battleaxe of freezing (5)]
 15183 | D:11     | Found Ippe's Weapon Shop.
 15254 | D:11     | Reached skill level 1 in Invocations
 15261 | D:11     | Found Ferhor's Gadget Boutique.
 15264 | D:11     | Bought a wand of acid (3) for 182 gold pieces
 15289 | D:11     | Found Dikkessi's Armour Boutique.
 15471 | D:11     | Found Fefaiq Nitam's Food Shoppe.
 15653 | D:11     | Found Dourrir's Antique Weapon Emporium.
 15667 | D:11     | Reached skill level 2 in Invocations
 15812 | D:11     | Noticed Sonja
 15860 | D:11     | Killed Sonja
 15948 | D:12     | Found a roughly hewn altar of Beogh.
 16114 | D:12     | Noticed a six-headed hydra
 16120 | D:12     | Killed a ten-headed hydra
 16120 | D:12     | Reached skill level 3 in Invocations
 16357 | D:12     | Noticed Azrael
 16372 | D:12     | Reached skill level 8 in Armour
 16372 | D:12     | HP: 37/87 [fire elemental[Azrael] (8)]
 16394 | D:12     | HP: 31/87 [fire elemental[Azrael] (6)]
 16397 | D:12     | HP: 14/87 [fire elemental[Azrael] (4)]
 16398 | D:12     | HP: 6/87 [fire elemental[Azrael] (8)]
 16984 | D:12     | Found a roughly hewn altar of Beogh.
 17019 | D:12     | Killed Azrael
 17019 | D:12     | Gained mutation: You are in touch with the powers of death.
                  | [Mummy growth]
 17019 | D:12     | Reached XP level 13. HP: 48/92 MP: 8/17
 17477 | D:13     | Reached skill level 10 in Fighting
 17483 | D:13     | Reached skill level 4 in Invocations
 17514 | D:13     | HP: 44/92 [freezing wraith[a death knight] (8)]
 17524 | D:13     | HP: 26/92 [freezing wraith[a death knight] (1)]
 17528 | D:13     | HP: 10/92 [freezing wraith[a death knight] (7)]
 17529 | D:13     | HP: 1/92 [freezing wraith[a death knight] (4)]
 17529 | D:13     | Slain by a freezing wraith

Vanquished Creatures
  Azrael (D:12)
  The ghost of Xol Empe the Archer, a journeyman DsFi of Okawaru (Lair:3)
  A two-headed ogre (D:10)
  A death knight (D:13)
  A dancing weapon (Lair:3)
  Sonja (D:11)
  A skeletal warrior (D:13)
  The ghost of emperorscorpion the Covered, a novice DDBe of Trog (D:8)
  2 black mambas
  2 spiny frogs (Lair:3)
  A freezing wraith (D:13)
  3 komodo dragons
  A jumping spider (Lair:3)
  2 trolls
  5 hippogriffs
  Sigmund (D:4)
  14 yaks
  A shadow (D:12)
  2 wraiths
  2 wyverns
  A human (D:8)
  A basilisk (Lair:2)
  2 hogs (D:8)
  A steam dragon (D:9)
  2 hungry ghosts
  3 vampire mosquitoes (Lair:4)
  2 fire elementals (D:12)
  6 hell hounds (D:12)
  5 water moccasins
  3 porcupines
  Duvessa (D:5)
  4 ice beasts
  5 sky beasts
  7 orc warriors
  5 black bears (D:10)
  An eye of draining (D:10)
  A phantom (D:7)
  30 wolves
  3 ogres
  3 crocodiles
  11 bullfrogs
  A wyvern zombie (D:7)
  Dowan (D:5)
  2 scorpions
  7 killer bees
  4 howler monkeys
  5 wights
  An electric eel (D:9)
  A vampire bat (D:7)
  5 crimson imps
  A quasit (D:10)
  2 bullfrog zombies
  A jelly (D:8)
  8 orc priests
  Ijyb (D:3)
  A bullfrog skeleton (D:7)
  16 orc wizards
  9 hounds
  4 iguanas
  5 worker ants
  A worker ant zombie (D:6)
  Robin (D:4)
  A howler monkey skeleton (D:8)
  10 gnolls
  12 adders
  4 shadow imps
  An ooze (D:5)
  2 adder skeletons
  2 worms
  2 dart slugs
  7 leopard geckos
  32 orcs
  A ball python (D:5)
  3 bat skeletons (D:7)
  4 bat zombies (D:7)
  4 giant cockroaches
  18 goblins
  9 hobgoblins
  5 jackals
  3 quokkas
  10 bats
  5 frilled lizards
  14 kobolds
  A leopard gecko skeleton (D:6)
  9 rats
377 creatures vanquished.

Vanquished Creatures (collateral kills)
  2 hydras
  A centaur warrior (D:13)
  An ugly thing (D:11)
  Joseph (D:9)
  A troll (D:10)
  A hornet (D:12)
  A hippogriff (D:11)
  A yak (D:13)
  A hungry ghost (D:11)
  A vampire mosquito (Lair:4)
  3 water moccasins
  An orc warrior (Orc:1)
  2 ogres (Orc:1)
  A black bear (D:10)
  A centaur (D:13)
  7 wolves
  A big kobold (D:7)
  Blork the orc (D:6)
  A gnoll sergeant (D:6)
  3 bullfrogs
  A water moccasin skeleton (D:6)
  A scorpion (D:6)
  A killer bee (D:9)
  An electric eel (D:9)
  2 wights (D:10)
  A howler monkey (D:10)
  3 hounds
  An orc priest (D:6)
  An iguana (D:10)
  2 orc wizards (D:8)
  A worker ant (D:10)
  2 gnolls (D:6)
  3 adders
  A leopard gecko (D:9)
  4 orcs
  2 jackals (D:7)
  A kobold (D:7)
  A plant (D:10)
61 creatures vanquished.

Vanquished Creatures (others)
  10 knights
  4 ancestors
  10 fungi
  2 plants
26 creatures vanquished.

Grand Total: 464 creatures vanquished

Table legend:
 A = Turns spent in this place as a percentage of turns spent in the entire game.
 B = Non-inter-level travel turns spent in this place as a percentage of non-inter-level travel turns spent in the entire game.
 C = Inter-level travel turns spent in this place as a percentage of turns spent in this place.
 D = Turns resting spent in this place as a percentage of non-inter-level travel turns spent in this place.
 E = Turns spent auto-exploring this place as a percentage of non-inter-level travel turns spent in this place.
 F = Non-inter-level travel turns spent in this place divided by the number of levels of this place that you've seen.
                   A       B       C       D       E      F
               +-------+-------+-------+-------+-------+----------------------
         Total | 100.0 | 100.0 |   4.8 |  27.9 |  51.4 | 834.7
       Dungeon |  70.9 |  71.1 |   4.6 |  24.8 |  54.0 | 912.8
        Temple |   0.3 |   0.3 |  17.9 |   0.0 |  41.3 |  46.0
          Lair |  24.3 |  24.3 |   4.8 |  37.0 |  46.0 | 1015.5
  Orcish Mines |   4.4 |   4.3 |   6.7 |  29.9 |  40.2 | 359.5
               +-------+-------+-------+-------+-------+----------------------
